 Dungeon Crawl Stone Soup version 0.27.0-1-g7a08968 (webtiles) character file.

Game seed: 13873445746581718961

1468 GodsMustBeCrazy the Fighter (level 8, -3/55 HPs)
             Began as a Gargoyle Fighter on Aug 7, 2021.
             Was a Follower of Okawaru.
             Slain by a killer bee (6 damage)
             ... on level 6 of the Dungeon.
             The game lasted 00:14:10 (6343 turns).

GodsMustBeCrazy the Fighter (Gargoyle Fighter)      Turns: 6343, Time: 00:14:11

Health: -3/55      AC: 13    Str: 23    XL:     8   Next: 77%
Magic:  8/8        EV: 13    Int:  8    God:    Okawaru [*.....]
Gold:   184        SH:  5    Dex:  9    Spells: 7/7 levels left

rFire    . . .     SeeInvis .   a - +4 quarterstaff (chaos)
rCold    . . .     Faith    .   (shield currently unavailable)
rNeg     + . .     Spirit   .   l - +0 scale mail
rPois    ∞         Reflect  +   (no helmet)
rElec    +         Harm     .   r - +0 cloak
rCorr    .         Rampage  .   (no gloves)
Will     .....                  (no boots)
Stlth    ..........             w - amulet of reflection
HPRegen  0.18/turn              H - +4 ring of evasion
MPRegen  0.11/turn              (no ring)

@: no status effects
A: sickness immunity, AC +5, negative energy resistance 1, electricity
resistance, torment resistance 1, petrification resistance
a: Renounce Religion, Heroism


You were on level 6 of the Dungeon.
You worshipped Okawaru.
Okawaru was aware of your devotion.
You visited 2 branches of the dungeon, and saw 8 of its levels.

You collected 358 gold pieces.
You spent 174 gold pieces at shops.

Inventory:

Hand Weapons
 a - a +4 quarterstaff of chaos (weapon)
 b - a +0 hunting sling
 s - a +0 war axe
Missiles
 f - 283 stones (quivered)
 i - 36 arrows
 m - 15 poisoned darts
 o - 8 atropa-tipped darts
 u - 16 sling bullets
 x - a throwing net
 D - 4 boomerangs of dispersal
Armour
 c - a +0 kite shield
 l - a +0 scale mail (worn)
 r - a +0 cloak (worn)
Jewellery
 t - an amulet of the acrobat
 w - an amulet of reflection (around neck)
 H - a +4 ring of evasion (left hand)
Wands
 B - a wand of flame (31)
Scrolls
 g - a scroll of noise
 h - 3 scrolls of fear
 j - 3 scrolls of teleportation
 k - a scroll of amnesia
 q - a scroll of vulnerability {unknown}
 y - 3 scrolls of enchant armour {unknown}
 F - a scroll of fog {unknown}
 G - a scroll of magic mapping {unknown}
Potions
 d - 2 potions of might
 n - 4 potions of lignification
 p - 2 potions of haste {unknown}
 v - 2 potions of resistance {unknown}
 z - 3 potions of flight
 A - a potion of mutation {unknown}
 C - a potion of brilliance {unknown}
 E - 2 potions of attraction {unknown}


   Skills:
 + Level 8.4 Fighting
 - Level 1.7 Axes
 + Level 2.0 Throwing
 + Level 4.2 Armour
 + Level 8.4 Shields


You had 7 spell levels left.
You didn't know any spells.
Your spell library contained the following spells:

 Spells                   Type           Power      Damage    Failure   Level
 Corpse Rot               Necr/Air       N/A        N/A       85%         2
 Poisonous Vapours        Pois/Air       0%         N/A       85%         2
 Wereblood                Tmut           0%         N/A       85%         2
 Freezing Cloud           Conj/Ice/Air   0%         6-21      100%        5
 Summon Hydra             Summ           0%         N/A       100%        7
 Sublimation of Blood     Necr           Unusable   N/A       N/A         2

Dungeon Overview and Level Annotations

Branches:
Dungeon (7/15)             Temple (1/1) D:4

Altars:
Ashenzari
Cheibriados
Gozag
Hepliaklqana
Kikubaaqudgha
Makhleb
Nemelex Xobeh
Okawaru
Qazlal
Ru
Sif Muna
Trog
Uskayaw
Vehumet
Wu Jian
Xom
The Shining One

Shops:
D:1 ?   D:4 !*   D:6 [


Innate Abilities, Weirdness & Mutations

You are immune to sickness and miasma.
Your stone body is resilient. (AC +5)
You are immune to poison.
You resist negative energy. (rN+)
You are resistant to electric shocks. (rElec)
You are resistant to unholy torment.
You are immune to petrification.


Message History

The black bear claws you but does no damage.
You block the black bear's attack.
Found 17 gold pieces.
The killer bee misses you. The killer bee closely misses you.
The killer bee stings you but does no damage.
The killer bee completely misses you. The killer bee stings you.
* * * LOW HITPOINT WARNING * * *
There is a stone staircase leading up here.
The killer bee stings you but does no damage.
The killer bee barely misses you.
You climb upwards.
There is a stone staircase leading down here.
You are too injured to fight recklessly!
You are too injured to fight recklessly!
You are too injured to fight recklessly!
Your scale mail prevents you from hitting the killer bee.
The killer bee stings you but does no damage.
The killer bee closely misses you. The killer bee stings you.
* * * LOW HITPOINT WARNING * * *
You barely miss the killer bee. The killer bee stings you.
* * * LOW HITPOINT WARNING * * *
The killer bee barely misses you.
You miss the killer bee. The killer bee stings you.
* * * LOW HITPOINT WARNING * * *
You block the killer bee's attack. The killer bee closely misses you.
Your scale mail prevents you from hitting the killer bee.
The killer bee stings you.
* * * LOW HITPOINT WARNING * * *
The killer bee barely misses you. x2
You thump the killer bee!
The killer bee is heavily wounded.
The killer bee stings you but does no damage.
The killer bee stings you.
* * * LOW HITPOINT WARNING * * *
You barely miss the killer bee.
The killer bee is heavily wounded.
The killer bee barely misses you. The killer bee stings you.
You die...

##################
...............y@#
####.###.#########
####.# #.# ..##.#
#.# ..##.# #.#
..##.# #.# ..##.#
#.# ..##.###.#
..##.....#


You could see a killer bee.

Vanquished Creatures
  A water moccasin (D:5)
  2 ogres
  A phantom (D:5)
  A bullfrog (D:6)
  4 scorpions
  3 killer bees (D:7)
  A centaur zombie (D:3)
  A jelly (D:5)
  Crazy Yiuf (D:3)
  A bullfrog skeleton (D:5)
  2 orc priests (D:4)
  2 hounds
  2 centaur skeletons (D:4)
  4 iguanas (D:4)
  2 orc wizards
  A killer bee zombie (D:4)
  A hound skeleton (D:4)
  2 howler monkey zombies (D:5)
  2 howler monkey skeletons
  A river rat (D:4)
  7 adders
  An ufetubus (D:6)
  An adder skeleton (D:4)
  A worm (D:5)
  3 dart slugs
  19 orcs
  5 endoplasms
  2 giant cockroaches (D:2)
  6 hobgoblins
  8 jackals
  7 ball pythons
  2 bats (D:3)
  4 frilled lizards
  7 goblins
  3 kobolds
  2 rats (D:3)
113 creatures vanquished.

Notes
Turn   | Place    | Note
-------+----------+-------------------------------------------
     0 | D:1      | GodsMustBeCrazy the Gargoyle Fighter began the quest for
                  | the Orb.
     0 | D:1      | Reached XP level 1. HP: 14/14 MP: 1/1
   294 | D:1      | Found a faded altar of an unknown god.
   349 | D:1      | Reached XP level 2. HP: 19/19 MP: 2/2
   707 | D:1      | Found Mafyvo's Magic Scroll Shop.
   729 | D:1      | Bought a scroll of identify for 22 gold pieces
   729 | D:1      | Bought a scroll of teleportation for 33 gold pieces
   729 | D:1      | Bought a scroll of fear for 38 gold pieces
  1086 | D:2      | Reached XP level 3. HP: 15/24 MP: 3/3
  2025 | D:3      | Reached XP level 4. HP: 30/30 MP: 4/4
  2091 | D:3      | Found a runed translucent door.
  2092 | D:3      | Noticed Crazy Yiuf
  2201 | D:3      | Reached XP level 5. HP: 27/34 MP: 5/5
  2298 | D:3      | Reached skill level 5 in Fighting
  2298 | D:3      | Reached skill level 5 in Shields
  2325 | D:3      | Found a broken altar of Ashenzari.
  2325 | D:3      | Found a hazy altar of Hepliaklqana.
  2852 | D:3      | Killed Crazy Yiuf
  2979 | D:4      | Noticed an ogre
  2987 | D:4      | Killed an ogre
  2988 | D:4      | Reached XP level 6. HP: 41/41 MP: 6/6
  3164 | D:4      | Found Laps's CLEARANCE SALE! EVERYTHING MUST GO!.
  3169 | D:4      | Bought a scroll of teleportation for 15 gold pieces
  3247 | D:4      | Found a staircase to the Ecumenical Temple.
  3269 | Temple   | Entered the Ecumenical Temple
  3364 | D:4      | Reached XP level 7. HP: 38/47 MP: 7/7
  3481 | D:4      | Found an iron altar of Okawaru.
  3587 | D:4      | Became a worshipper of Warmaster Okawaru
  4214 | D:4      | Found Efam's Distillery.
  4223 | D:4      | Bought a potion of flight for 33 gold pieces
  4223 | D:4      | Bought a potion of lignification for 33 gold pieces
  4397 | D:4      | HP: 1/48 [orc wizard/magic dart (6)]
  4810 | D:5      | Entered Level 5 of the Dungeon
  4995 | D:5      | Reached XP level 8. HP: 53/53 MP: 8/8
  5050 | D:5      | Reached * piety under Okawaru
  5617 | D:6      | Reached skill level 1 in Throwing
  6037 | D:6      | Found a snail-covered altar of Cheibriados.
  6050 | D:6      | Found Ashemic's Antique Armour Shoppe.
  6343 | D:6      | Slain by a killer bee

Illustrated notes

Levels and vault maps discovered:
D:1:      onia_arrival_pentagram, layout_basic, serial_shops, shop_coins,
          shapermc_ecumenical_altar_acropolis
D:2:      layout_loops_ring
D:3:      layout_loops_cross, gammafunk_temple_overflow_pools,
          uniq_crazy_yiuf_cottage
D:4:      layout_basic, okawaru_altar_gauntlet_db,
          minmay_temple_entry_statues_fountains, serial_shops,
          nicolae_shop_crystal, nicolae_shop_clearance
D:5:      layout_rooms
D:6:      layout_basic, kennysheep_slug_shrine, serial_shops,
          nicolae_shop_waterfront, kennysheep_generic_room_14
D:7:      layout_cave_pools, zin_purify
Temple:   cyrus_circular_temple

Skill      XL: |  1  2  3  4  5  6  7  8 |
---------------+-------------------------+-----
Fighting       | 4 5 6 7 8 |  8.4
Shields        | 4 5 6 7 8 |  8.4
Throwing       | 2 |  2.0
Armour         | 4 |  4.2
Axes           | |  1.7

Action                   |  1- 3 |  4- 6 |  7- 9 || total
-------------------------+-------+-------+-------++-------
Melee: War axe           |    91 |    44 |       ||   135
       Quarterstaff      |       |    24 |   144 ||   168
 Fire: Hunting sling     |    40 |    17 |   113 ||   170
  Use: Scroll            |     2 |       |       ||     2
       Potion            |       |       |     2 ||     2
Armor: Scale mail        |    78 |    54 |   152 ||   284
Dodge: Dodged            |    39 |    54 |   139 ||   232
Block: Kite shield       |    62 |    40 |       ||   102
       Other             |       |       |    17 ||    17
